 Dungeon Crawl Stone Soup version 0.31.0-12-g77e489cdc1 (webtiles) character file.

Game seed: 13692017705870092413

63 Doomgape the Trooper (level 3, -2/37 HPs)
             Began as a Troll Fighter on Feb 15, 2024.
             Slain by Crazy Yiuf
             ... wielding a +2 quarterstaff of chaos
              (9 damage)
             ... on level 2 of the Dungeon.
             The game lasted 00:03:27 (1053 turns).

Doomgape the Trooper (Troll Fighter)                Turns: 1053, Time: 00:03:27

Health: -2/37      AC:  4    Str: 26    XL:     3   Next: 89%
Magic:  2/2        EV:  9    Int:  4    God:
Gold:   120        SH:  0    Dex:  9    Spells: 2/2 levels left

rFire   . .          .
                       - Unarmed
rCold   . . .        b - +1 kite shield
rNeg    . . .        a - +0 robe
rPois   .            (helmet restricted)
rElec   .            (no cloak)
rCorr   .            (gloves unavailable)
SInv    .            (boots unavailable)
Will    .....        (no amulet)
Stlth   +            (no ring)
HPRegen 1.06/turn    (no ring)
MPRegen 0.08/turn

%: no passive effects
@: confused
A: large, unfitting armour, claws 3, regeneration 1, shaggy fur 1, tough skin 1
a: no special abilities


You were on level 2 of the Dungeon.
You visited 1 branch of the dungeon, and saw 2 of its levels.

You collected 120 gold pieces.

Inventory:

Armour
 a - a +0 robe (worn)
 b - a +1 kite shield (worn)
Talismans
 h - a dragon-blood talisman
Scrolls
 d - 2 scrolls of noise {unknown}
 g - a scroll of blinking {unknown}
Potions
 c - 2 potions of might
 e - a potion of haste {unknown}
 f - 2 potions of enlightenment {unknown}
 i - a potion of brilliance {unknown}
 j - a potion of attraction {unknown}


   Skills:
 + Level 3.0 Fighting
 - Level 2.9 Dodging
 - Level 2.6 Shields
 + Level 2.9 Unarmed Combat
 + Level 0.5 Shapeshifting


You had 2 spell levels left.
You didn't know any spells.
Your spell library was empty.

Dungeon Overview and Level Annotations

Branches:
Dungeon (2/15)

Altars:

Shops:
D:1 :

Annotations:
D:2 Crazy Yiuf


Innate Abilities, Weirdness & Mutations

You are too large for most types of armour.
You have claws for hands.
Your natural rate of healing is unusually fast.
You are covered in fur. (AC +1)
You have tough skin. (AC +1)


Message History

You see here a hobgoblin corpse.
You now have 120 gold pieces (gained 13).
An adder comes into view.
The adder hisses angrily.
You closely miss the adder. The adder bites you but does no damage.
The adder bites you.
You barely miss the adder. You block the adder's attack.
You barely miss the adder. The adder bites you.
You are poisoned.
The adder poisons you! You block the adder's attack.
You miss the adder.
You feel sick. The adder bites you.
You are more poisoned.
The adder poisons you!
You closely miss the adder.
You feel sick. The adder barely misses you.
You claw the adder!
You kill the adder!
You feel sick.
You feel sick.
You see here an adder corpse.
You start resting.
You feel sick. x4
You are no longer poisoned.
Found a hammer.
Found a runed translucent door.
You open the door. You closely miss Crazy Yiuf. You block Crazy Yiuf's attack.
You barely miss Crazy Yiuf.
Crazy Yiuf grits, "Goober!"
Crazy Yiuf hits you with a +2 quarterstaff of chaos.
Crazy Yiuf burns you.
You claw Crazy Yiuf!
Crazy Yiuf is almost dead.
Crazy Yiuf hits you with a +2 quarterstaff of chaos!
You are confused.
You bump into the tree.
Crazy Yiuf hits you with a +2 quarterstaff of chaos!
* * * LOW HITPOINT WARNING * * *
Crazy Yiuf freezes you.
* * * LOW HITPOINT WARNING * * *
You bump into the tree.
Crazy Yiuf hits you with a +2 quarterstaff of chaos!
You die...

#.#####
.........## #.#
##.###.... #.#
#.# #.### #†#
##### #.# #.#
#.# #)..# #.#
#.### #.# #...#
#.# #.... #.#
... ####.#
##### #.# #g#
#>...# ####.#
♣@♣♣ ##.#######
#....# ♣♣.♣
#....†....
#.#### ♣.♣♣
###.#.######
#.# ♣♣.♣
#...#...####
#.# ♣♣.♣♣
#.#####...##
#.# ♣♣PP.♣
#...#.......
#.# ### ♣PP..♣
###.#..##.##
#.# #.# #....#
#..†.##.#
#.###.####....#
##.#.##.#


You could see Crazy Yiuf.

Vanquished Creatures
  2 adders (D:2)
  2 dart slugs (D:1)
  6 endoplasms
  3 giant cockroaches
  3 goblins
  5 hobgoblins
  2 quokkas (D:1)
  A ball python (D:1)
  6 bats
  2 frilled lizards
  A kobold (D:1)
  6 rats (D:1)
39 creatures vanquished.

Notes
Turn   | Place    | Note
-------+----------+-------------------------------------------
     0 | D:1      | Doomgape the Troll Fighter began the quest for the Orb.
     0 | D:1      | Reached XP level 1. HP: 22/22 MP: 0/0
     6 | D:1      | Found Moyseg's Book Emporium.
    70 | D:1      | Reached XP level 2. HP: 29/29 MP: 1/1
   537 | D:1      | Reached XP level 3. HP: 36/36 MP: 2/2
   964 | D:2      | Reached skill level 3 in Fighting
  1044 | D:2      | Found a runed translucent door.
  1045 | D:2      | Noticed Crazy Yiuf
  1053 | D:2      | Slain by Crazy Yiuf

Illustrated notes

Levels and vault maps discovered:
D:1:      matt_arrival_diagonals, layout_basic, serial_shops, shop, st_stairs_2
D:2:      layout_loops_ring, uniq_crazy_yiuf_cottage

Skill      XL: |  1  2  3 |
---------------+----------+-----
Fighting       | 3 |  3.0
Dodging        | |  2.9
Shields        | |  2.6
Unarmed Combat | |  2.9
Shapeshifting  | |  0.5

Action                     || total
---------------------------++-------
  Melee: Unarmed           ||   116
    Use: Scroll            ||     3
   Stab: Sleeping          ||     1
 Armour: Robe              ||    61
  Dodge: Dodged            ||    40
  Block: Kite shield       ||    42
